AoeStats
← †oTTo†

Black Forest

509780795Analyzed
4v4 RM · 5d ago on Sep 28, 2026· 33m 9s· 8 players
Game mode
Random Map
Map size
Large (8 player)
Population
200
Speed
Normal
Resources
Standard
Victory
Conquest
Starting age
Dark Age
Ending age
Imperial Age
RankedLock teamsTeams togetherTeam positionsShared explorationLock speedFull tech treeHidden civsTurbo modeCheats
Victory
Defeat
🇲🇽 Portuguese · Mexico
955
+14
🇪🇸 Spanish · Spain
927
+15
🇬🇧 Danes · United Kingdom
925
+15
🇨🇦 Bulgarians · Canada
886
+16
🇦🇺 Hindustanis · Australia
923
-16
🇺🇸 Poles · United States
907
-15
🇻🇳 Britons · Vietnam
897
-15
🇦🇺 Franks · Australia
885
-14
Manwe
0:52 Loom
15:29 Feudal Age
22:34 Castle Age
22:45 Forging
22:41 Scale Barding Armor
23:40 Double-Bit Axe
24:23 Stone Mining
25:51 Town Watch
28:22 Stone Shaft Mining
30:08 Wheelbarrow
| NoTok | Devdass
11:22 Feudal Age
12:15 Double-Bit Axe
15:13 Castle Age
13:09 Horse Collar
16:16 Scale Barding Armor
16:22 Forging
18:32 Iron Casting
19:17 Husbandry
19:30 Bloodlines
22:12 Bow Saw
21:59 Stone Mining
30:30 Fletching
31:01 Chain Barding Armor
31:20 Bodkin Arrow
33:13 Gold Mining
| NoTok | Wetcheese
0:28 Loom
14:44 Feudal Age
23:24 Castle Age
22:18 Double-Bit Axe
23:59 Gold Mining
25:17 Pikeman
32:16 Bow Saw
LE MINH NHAT
12:35 Feudal Age
17:31 Castle Age
16:48 Double-Bit Axe
16:48 Horse Collar
18:50 Wheelbarrow
24:13 Bow Saw
24:22 Heavy Plow
26:30 Hand Cart
27:37 Man-at-Arms
29:10 Long Swordsman
30:24 Gambesons
JTF2Deathadder
11:53 Feudal Age
19:54 Castle Age
17:59 Scale Mail Armor
18:10 Forging
19:13 Double-Bit Axe
19:24 Arson
20:39 Squires
20:25 Gambesons
22:46 Chain Mail Armor
23:07 Iron Casting
28:08 Gold Mining
30:21 Gold Shaft Mining
CHAPO
0:49 Loom
12:27 Feudal Age
12:55 Man-at-Arms
13:20 Arson
18:25 Castle Age
23:52 Fortified Wall
24:32 Town Watch
28:24 Imperial Age
26:07 Horse Collar
26:28 Pikeman
27:40 Heavy Plow
28:47 Gold Mining
28:48 Stone Mining
30:46 Town Patrol
31:24 Wheelbarrow
32:59 Stone Shaft Mining
W◯lf 103 {WYR}
0:39 Loom
13:55 Feudal Age
16:32 Double-Bit Axe
19:34 Castle Age
19:40 Castle Age
19:05 Horse Collar
19:35 Scale Mail Armor
19:46 Forging
20:03 Gold Mining
21:09 Bow Saw
21:25 Pikeman
22:10 Squires
22:26 Heavy Plow
25:11 Gambesons
26:17 Wheelbarrow
26:51 Gold Shaft Mining
29:12 Fervor
31:27 Chain Mail Armor
31:48 Iron Casting
†oTTo†
1:21 Loom
12:02 Feudal Age
12:32 Double-Bit Axe
13:36 Gold Mining
14:57 Wheelbarrow
14:07 Horse Collar
19:45 Castle Age
20:35 Heavy Plow
20:19 Pikeman
20:59 Squires
24:21 Stone Mining
24:59 Fletching
28:45 Husbandry
30:59 Hand Cart
32:29 Bow Saw
35:37 Imperial Age
33:48 Stone Shaft Mining
Connection lost

Rejoining the realm…

Still unreachable

The connection could not be restored.

Session expired

The server has moved on; the page needs a fresh start.